 Dungeon Crawl Stone Soup version 0.22.1-2-g9c5b331 (webtiles) character file.

28 MalarOregon the Chiller (level 3, -1/26 HPs)
             Began as a Merfolk Ice Elementalist on Nov 26, 2018.
             Slain by a hobgoblin (3 damage)
             ... on level 1 of the Dungeon.
             The game lasted 00:02:46 (954 turns).

MalarOregon the Chiller (Merfolk Ice Elementalist)   Turns: 954, Time: 00:02:47

Health: -1/26      AC:  2    Str:  8    XL:     3   Next: 14%
Magic:  0/6        EV: 13    Int: 15    God:
Gold:   38         SH:  0    Dex: 14    Spells: 3/6 levels left

rFire    . . .     SeeInvis .   f - +0 spear
rCold    . . .     Gourm    .   (no shield)
rNeg     . . .     Faith    .   a - +0 robe
rPois    .         Spirit   .   (no helmet)
rElec    .         Reflect  .   (no cloak)
rCorr    .         Harm     .   (no gloves)
MR       .....                  (no boots)
Stlth    ++........             (no amulet)
HPRegen  0.08/turn              (no ring)
MPRegen  0.10/turn              (no ring)

@: very slightly contaminated
A: change form in water, swift swim, stealthy swim
a: no special abilities


You were on level 1 of the Dungeon.
You were hungry.

You visited 1 branch of the dungeon, and saw 1 of its levels.

You collected 38 gold pieces.

Inventory:

Hand Weapons
 c - a +0 short sword
   (You took it off a kobold on level 1 of the Dungeon)
 f - a +0 spear (weapon)
   (You found it on level 1 of the Dungeon)
Armour
 a - a +0 robe (worn)
Scrolls
 b - a scroll of identify {unknown}
 d - a scroll of enchant armour {unknown}
 h - a scroll of magic mapping {unknown}
 i - a scroll of remove curse {unknown}
 j - a scroll of immolation {unknown}
 k - a scroll of blinking {unknown}
Comestibles
 e - a ration {!d}
 g - 5 chunks of flesh


   Skills:
 * Level 1.2 Fighting
 * Level 1.1 Polearms
 + Level 3.1 Dodging
 - Level 2.1 Stealth
 * Level 2.3 Spellcasting
 + Level 0.8 Conjurations
 * Level 3.5 Ice Magic


You had 3 spell levels left.
You knew the following spells:

 Your Spells              Type           Power        Failure   Level  Hunger
a - Freeze                Ice            ##..         4%          1    #......
x - Throw Frost           Conj/Ice       #.....       13%         2    ###....

Your spell library contained the following spells:

 Spells                   Type           Power        Failure   Level  Hunger
 Ozocubu's Armour         Chrm/Ice       #.......     30%         3    ###....
 Throw Icicle             Conj/Ice       #.......     65%         4    #####..
 Summon Ice Beast         Ice/Summ       #.......     71%         4    #####..


Dungeon Overview and Level Annotations

Branches:
Dungeon (1/15)

Altars:


Message History

Found 32 arrows.
The hobgoblin shouts!
You hit the hobgoblin but do no damage. The hobgoblin misses you.
You closely miss the hobgoblin. The hobgoblin closely misses you.
A giant cockroach comes into view.
You are feeling hungry.
You hit the hobgoblin. The hobgoblin hits you.
* * * LOW HITPOINT WARNING * * *
Aim: a hobgoblin, wielding a mace of draining (hasn't noticed you)
Okay, then.
Items here: ) ††† a club; a kobold corpse; a dart slug corpse; a bat corpse The hobgoblin shouts!
Things that are here:
a club; a kobold corpse
Aim: a hobgoblin, wearing ice dragon scales (severely wounded)
You freeze the hobgoblin.
The hobgoblin resists.
The hobgoblin barely misses you.
Aim: a hobgoblin, wearing ice dragon scales (almost dead)
You freeze the hobgoblin.
The hobgoblin completely resists.
The hobgoblin misses you.
Aim: a hobgoblin, wearing ice dragon scales (almost dead)
You freeze the hobgoblin.
The hobgoblin completely resists.
The hobgoblin hits you.
* * * LOW HITPOINT WARNING * * *
Aim: a hobgoblin, wearing ice dragon scales (almost dead)
You miscast Throw Frost.
You are very lightly contaminated with residual magic.
You shiver with cold.
The hobgoblin closely misses you.
You don't have enough magic to cast that spell.
Aim: a hobgoblin, wearing ice dragon scales (almost dead)
You miscast Freeze.
You feel uncomfortably cold. The hobgoblin barely misses you.
You hit the hobgoblin but do no damage.
The hobgoblin hits you but does no damage. x2
You hit the hobgoblin but do no damage. The hobgoblin barely misses you.
Attack whom?
Aim: a hobgoblin, wielding a mace of draining You reach to attack!
You hit the hobgoblin but do no damage. The hobgoblin hits you.
* * * LOW HITPOINT WARNING * * *
Attack whom?
Aim: a hobgoblin, wielding a mace of draining
Okay, then.
You aren't carrying any potions.
Okay, then.
Attack whom?
Aim: a hobgoblin, wielding a mace of draining You reach to attack!
You hit the hobgoblin. The hobgoblin hits you.
You die...

#### ### #... ..##
#... ...### #.
#..###.....# #..
#..#@#...#.# #...
######..##g##...##..#
..........#g#...#...
.#######..##s##...#
##...#.#...# ..#..#
#...##.###.# ..#..#
###.....#...# #.#..#
#.......#...#
#.#..#.#
#.......#(?$#


You could see a giant cockroach and 2 hobgoblins.

Vanquished Creatures
  A dart slug (D:1)
  3 goblins (D:1)
  6 hobgoblins (D:1)
  6 kobolds (D:1)
  4 bats (D:1)
  A frilled lizard (D:1)
  2 rats (D:1)
23 creatures vanquished.

Notes
Turn   | Place    | Note
-------+----------+-------------------------------------------
     0 | D:1      | MalarOregon the Merfolk Ice Elementalist began the quest
                  | for the Orb.
     0 | D:1      | Reached XP level 1. HP: 13/13 MP: 3/3
   609 | D:1      | Reached XP level 2. HP: 20/20 MP: 3/5
   614 | D:1      | Learned a level 2 spell: Throw Frost
   889 | D:1      | Reached skill level 1 in Polearms
   893 | D:1      | Reached skill level 1 in Fighting
   899 | D:1      | Reached XP level 3. HP: 12/26 MP: 6/6
   954 | D:1      | Slain by a hobgoblin

Skill      XL: |  1  2 |
---------------+-------+-----
Dodging        | 3 |  3.1
Polearms       | 1 |  1.1
Fighting       | 1 |  1.2
Stealth        | |  2.1
Spellcasting   | |  2.3
Conjurations   | |  0.8
Ice Magic      | |  3.5

Action                   || total
-------------------------++-------
Melee: Spear             ||    75
       Short sword       ||     1
 Cast: Freeze            ||    14
       Throw Frost       ||     2
 Stab: Sleeping          ||     2
Armor: Robe              ||    12
Dodge: Dodged            ||    48
